 Dungeon Crawl Stone Soup version 0.25.1-2-g60ff931df9 (webtiles) character file.

Game seed: 4057895845184726805

576 MajorAdolf the Chopper (level 7, 0/64 HPs)
             Began as a Naga Wanderer on Oct 7, 2020.
             Was an Initiate of Gozag.
             Slain by a hound (3 damage)
             ... on level 5 of the Dungeon.
             The game lasted 00:11:27 (7358 turns).

MajorAdolf the Chopper (Naga Wanderer)              Turns: 7358, Time: 00:11:27

Health: 0/64       AC:  6    Str: 17    XL:     7   Next: 35%
Magic:  13/13      EV:  7    Int: 11    God:    Gozag
Gold:   279        SH:  0    Dex: 11    Spells: 13/14 levels left

rFire    . . .     SeeInvis +   t - +0 hand axe
rCold    . . .     Gourm    .   (no shield)
rNeg     . . .     Faith    .   w - +0 scale mail
rPois    +         Spirit   .   e - +0 helmet
rElec    .         Reflect  .   (no cloak)
rCorr    .         Harm     .   (no gloves)
MR       .....                  (no barding)
Stlth    ..........             (no amulet)
HPRegen  0.20/turn              (no ring)
MPRegen  0.13/turn              (no ring)

@: short of breath, very slightly contaminated, invisible, very slow
A: large, see invisible, deformed body, poison resistance, slowness 2, slow
metabolism 1, spit poison 1, AC +2
a: Spit Poison, Potion Petition, Call Merchant, Bribe Branch, Renounce Religion


You were on level 5 of the Dungeon.
You worshipped Gozag.
Gozag was aware of your devotion.
You were not hungry.

You visited 2 branches of the dungeon, and saw 6 of its levels.

You collected 353 gold pieces.
You paid 74 gold pieces to Gozag.

Inventory:

Hand Weapons
 b - a +0 war axe
 t - a +0 hand axe (weapon)
Missiles
 h - 117 stones (quivered)
 k - 15 poisoned darts
Armour
 e - a +0 helmet (worn)
 i - a +0 plate armour
 w - a +0 scale mail (worn)
Jewellery
 x - an uncursed amulet of guardian spirit {unknown}
Wands
 y - a wand of clouds (5)
 A - a wand of random effects (3)
Scrolls
 c - 3 scrolls of teleportation
 l - 2 scrolls of remove curse
 u - a scroll of enchant weapon
 C - a scroll of fear
Potions
 a - 3 potions of mutation {unknown}
 d - a potion of might {unknown}
 j - 2 potions of heal wounds {unknown}
 m - a potion of magic {unknown}
 q - a potion of haste {unknown}
 s - 3 potions of curing {unknown}
 z - a potion of degeneration {unknown}
Comestibles
 f - 4 rations


   Skills:
 - Level 4.0 Fighting
 + Level 6.3 Axes
   Level 1.7 Crossbows
 - Level 1.5 Stealth
 - Level 4.0 Spellcasting
   Level 1.0 Air Magic
 - Level 1.0 Evocations


You had 13 spell levels left.
You knew the following spells:

 Your Spells              Type           Power        Failure   Level  Hunger
a - Magic Dart            Conj           #...         65%         1    #......

Your spell library contained the following spells:

 Spells                   Type           Power        Failure   Level  Hunger
 Blink                    Tloc           N/A          78%         2    ##.....
 Call Imp                 Summ           #.......     78%         2    ##.....
 Shroud of Golubria       Chrm/Tloc      #.....       78%         2    ##.....
 Slow                     Hex            #.......     78%         2    ##.....
 Mephitic Cloud           Conj/Pois/Air  #.......     92%         3    ###....
 Conjure Flame            Conj/Fire      #.......     95%         3    ###....


Dungeon Overview and Level Annotations

Branches:
Dungeon (5/15)             Temple (1/1) D:4

Altars:
Cheibriados
Dithmenos
Elyvilon
Gozag
Hepliaklqana
Makhleb
Nemelex Xobeh
Okawaru
Qazlal
Ru
Sif Muna
Trog
Uskayaw
Vehumet
Wu Jian
Xom
Yredelemnul
Zin
The Shining One

Annotations:
D:3 2 runed translucent doors, nebnoj's ghost, amateur MiFi


Innate Abilities, Weirdness & Mutations

You cannot wear boots.
Your serpentine skin is tough. (AC +2)
You have supernaturally acute eyesight. (SInv)
Armour fits poorly on your strangely shaped body.
Your system is resistant to poisons. (rPois)
You cover ground very slowly.
You have a slow metabolism.
You can spit poison.


Message History

You see here an arrow.
The centaur unwields a +0 shortbow.
The centaur hits you but does no damage.
A hound comes into view.
Press: ? - help, Shift-Dir - straight line, f - centaur
Aim: a centaur, quivering 3 arrows The splash of poison hits the centaur.
The centaur is poisoned.
The centaur is lightly wounded.
You feel slightly more hungry.
The hound barks!
The centaur hits you but does no damage.
The centaur hits you.
* * * LOW HITPOINT WARNING * * *
You fade into invisibility!
The centaur barely misses you.
You are very lightly contaminated with residual magic.
The centaur wields a +0 shortbow.
The centaur shoots an arrow.
The hound bites you.
You die...
Your body crumbles into a pile of gold.

,,,,,,,,,,,,,,,..#******,****
***,,,,,,,,,,,,...,$,,,,,,,,*****
***,,,,,,,,****#.#******,**,,,,,,
,,,,,,,,,,,* #(# *,********
***,,*,,**** #.# *,* **,,,*,,*
#<# #.# *,,,,,,,* #(#######.#
,,,,,,,,* #h(((..##.# *,,,,,,,*
#@(###.##.# ,<,,,*,,*******#..#
#.##.# ***,**,,,.........# #.##.#
### *,**,,,......c.##
#.##.######.. *$*****#####...#
#...........# ***,* #.###
####.######## ,,,,******** #.*
#.## ****,,,,,,,* #.* ####..# *
*,*****,* #.* ##.###.#


You could see a centaur (poisoned) and a hound.

Vanquished Creatures
  A centaur (D:5)
  2 orc priests
  A bullfrog skeleton (D:4)
  2 hounds (D:4)
  An iguana (D:4)
  4 orc wizards (D:3)
  A worker ant (D:4)
  A worker ant zombie (D:5)
  Robin (D:2)
  3 adders
  3 worms
  A dart slug (D:1)
  4 leopard geckos
  20 orcs
  2 giant cockroaches
  7 goblins
  16 hobgoblins
  7 jackals (D:1)
  3 quokkas
  4 ball pythons
  11 bats
  4 frilled lizards
  12 kobolds
  A leopard gecko skeleton (D:4)
  10 rats
122 creatures vanquished.

Vanquished Creatures (others)
  A hobgoblin (D:2)
1 creature vanquished.

Grand Total: 123 creatures vanquished

Notes
Turn   | Place    | Note
-------+----------+-------------------------------------------
     0 | D:1      | MajorAdolf the Naga Wanderer began the quest for the Orb.
     0 | D:1      | MajorAdolf set off with the following items: a +0 club, a
                  | scroll of teleportation, a +0 robe, a ration; and the
                  | following spell memorised: Magic Dart; and the following
                  | spells available to memorise: Blink, Call Imp, Shroud of
                  | Golubria, Slow, Mephitic Cloud, Conjure Flame
     0 | D:1      | Reached XP level 1. HP: 18/18 MP: 5/5
   409 | D:1      | Reached XP level 2. HP: 24/26 MP: 7/7
   961 | D:1      | Reached XP level 3. HP: 32/33 MP: 8/8
  2103 | D:2      | Reached XP level 4. HP: 44/44 MP: 10/10
  2509 | D:2      | Found a radiant altar of Vehumet.
  3233 | D:3      | Found a glowing silver altar of Zin.
  3234 | D:3      | Found a runed translucent door.
  3234 | D:3      | Noticed an angel
  3243 | D:3      | Noticed Robin
  3311 | D:2      | Reached skill level 1 in Axes
  3406 | D:2      | Killed Robin
  3786 | D:3      | Noticed nebnoj's ghost (amateur MiFi)
  3788 | D:3      | Found a runed translucent door.
  3822 | D:3      | Reached XP level 5. HP: 50/50 MP: 11/11
  3853 | D:3      | Reached skill level 2 in Axes
  4090 | D:3      | Reached skill level 3 in Axes
  4733 | D:3      | Reached XP level 6. HP: 57/57 MP: 12/12
  5358 | D:4      | Reached skill level 4 in Axes
  5454 | D:4      | Found a staircase to the Ecumenical Temple.
  5669 | D:4      | Found a burning altar of Makhleb.
  5858 | D:3      | Reached skill level 5 in Axes
  6195 | Temple   | Entered the Ecumenical Temple
  6296 | Temple   | Became a worshipper of Gozag Ym Sagoz the Greedy
  6365 | D:5      | Entered Level 5 of the Dungeon
  6384 | D:5      | Reached XP level 7. HP: 28/64 MP: 13/13
  6609 | D:5      | Found a stormy altar of Qazlal.
  6636 | D:5      | Reached skill level 6 in Axes
  7356 | D:5      | HP: 2/64 [centaur (6)]
  7358 | D:5      | Slain by a hound

Illustrated notes

Levels and vault maps discovered:
D:1:      sevenhm_arrival_forest_fort_large_4, layout_loops_corners,
          minivault_23
D:2:      layout_loops_ring, fiery_altar_vehumet, first_ration
D:3:      layout_loops_ring, serial_glass, glass_columns_a, glass_columns_c,
          minmay_strange_pillars, feat_on_display, due_unseen_surprise,
          gammafunk_ghost_grave, lemuel_angel_altar, uniq_robin
D:4:      layout_gridville, minmay_temple_entry_fiery,
          makhleb_blood_cavern_becter
D:5:      layout_loops_ring, serial_shops, shop, corexii_corridor_pit, hex_tiny,
          nicolae_qazlal_general_emergency
Temple:   compressed_dpeg_circular_temple

Skill      XL: |  1  2  3  4  5  6  7 |
---------------+----------------------+-----
Fighting       | 2 3 4 |  4.0
Axes           | 1 3 5 6 |  6.3
Crossbows      | |  1.7
Stealth        | |  1.5
Spellcasting   | |  4.0
Air Magic      | |  1.0
Evocations     | |  1.0

Action                   |  1- 3 |  4- 6 |  7- 9 || total
-------------------------+-------+-------+-------++-------
Melee: Club              |     7 |       |       ||     7
       Short sword       |   123 |    46 |       ||   169
       Hand axe          |       |   223 |    54 ||   277
Throw: Stone             |       |     4 |       ||     4
 Abil: Spit Poison       |    23 |    42 |     4 ||    69
  Use: Scroll            |       |       |     9 ||     9
       Potion            |       |       |     1 ||     1
 Stab: Sleeping          |     1 |       |       ||     1
  Eat: Chunk             |     4 |    12 |       ||    16
       Ration            |       |       |     1 ||     1
Armor: Ring mail         |    99 |    19 |       ||   118
       Scale mail        |       |   112 |    19 ||   131
Dodge: Dodged            |    91 |   111 |    27 ||   229
